 Seeded DCSS version 0.28.0-43-g3370ac3207 (webtiles) character file.

Game seed: 13591998346360536447 (custom seed)

3281 hikkokomori the Cleaver (level 10, -4/93 HPs)
             Began as a Hill Orc Fighter on Mar 1, 2022.
             Was a Follower of Beogh.
             Slain by a wyvern (7 damage)
             ... on level 8 of the Dungeon on Mar 2, 2022.
             The game lasted 00:11:08 (7056 turns).

hikkokomori the Cleaver (Hill Orc Fighter)          Turns: 7056, Time: 00:11:08

Health: -4/93      AC: 20    Str: 24    XL:     10   Next: 0%
Magic:  1/1        EV: 11    Int:  8    God:    Beogh [*.....]
Gold:   2211       SH:  4    Dex:  7    Spells: 9/9 levels left

rFire   . . .      SeeInvis .   a - +0 war axe
rCold   . . .      Faith    .   c - +0 buckler
rNeg    . . .      Spirit   .   j - +4 plate armour
rPois   +          Reflect  .   g - +1 hat
rElec   .          Harm     .   (no cloak)
rCorr   +          Rampage  .   G - +0 pair of gloves
Will    .....                   (no boots)
Stlth   ..........              w - amulet of Kyelom {rPois Regen+ Dex-3 Slay+2 Stlth+}
HPRegen 1.05/turn               n - ring "Tiohah" {rPois rCorr MP-9 EV+4 Slay+2}
MPRegen 0.07/turn               (no ring)

@: weak-willed, hasted, studying 2 skills, very quick
A: no striking features
a: Renounce Religion


You were on level 8 of the Dungeon.
You worshipped Beogh.
Beogh was aware of your devotion.
You visited 1 branch of the dungeon, and saw 8 of its levels.

You collected 2211 gold pieces.

Inventory:

Hand Weapons
 a - a +0 war axe (weapon)
 m - the +1 whip of Eternal Harmony {flame, rElec Int+2}
   (You found it on level 3 of the Dungeon)

   It burns those it strikes, dealing additional fire damage.
   Int:       It affects your intelligence (+2).
   rElec:     It insulates you from electricity.
Armour
 b - a +0 scale mail
 c - a +0 buckler (worn)
 g - a +1 hat (worn)
 j - a +4 plate armour (worn)
 G - a +0 pair of gloves (worn)
Jewellery
 d - a ring of protection from fire
 h - a ring of resist corrosion
 l - a ring of protection from fire
 n - the ring "Tiohah" (left hand) {rPois rCorr MP-9 EV+4 Slay+2}
   (You acquired it on level 3 of the Dungeon)

   [ring of evasion]

   EV:        It affects your evasion (+4).
   Slay:      It affects your accuracy & damage with ranged weapons and melee
   (+2).
   rPois:     It protects you from poison.
   MP:        It affects your magic capacity (-9).
   rCorr:     It protects you from acid and corrosion.
 w - the amulet of Kyelom (around neck) {rPois Regen+ Dex-3 Slay+2 Stlth+}
   (You acquired it on level 5 of the Dungeon)

   [amulet of regeneration]

   Dex:       It affects your dexterity (-3).
   Slay:      It affects your accuracy & damage with ranged weapons and melee
   (+2).
   rPois:     It protects you from poison.
   Regen:     It increases your rate of health regeneration.
   Stlth:     It makes you more stealthy.
 y - an amulet of reflection
 F - a +6 ring of dexterity
Wands
 k - a wand of charming (5)
 o - a wand of flame (46)
 q - a wand of digging (6)
 x - a wand of mindburst (17)
 A - a wand of iceblast (5)
Scrolls
 e - 4 scrolls of teleportation
 p - 2 scrolls of torment {unknown}
 s - a scroll of summoning
 E - a scroll of holy word
Potions
 f - a potion of haste
 r - a potion of lignification
 u - a potion of mutation
 z - a potion of ambrosia
 B - a potion of curing
 D - a potion of attraction
 H - 2 potions of brilliance


   Skills:
 + Level 10.2 Fighting
 + Level 10.7 Axes
 + Level 9.3 Armour
 - Level 3.2 Shields


You had 9 spell levels left.
You didn't know any spells.
Your spell library contained the following spells:

 Spells                   Type           Power      Damage    Failure   Level
 Static Discharge         Conj/Air       0%         N/A       100%        2
 Sublimation of Blood     Necr           0%         N/A       100%        2
 Wereblood                Tmut           0%         N/A       100%        2
 Ozocubu's Armour         Ice            0%         N/A       100%        3
 Dispel Undead            Necr           0%         3d6       100%        4
 Sticky Flame             Conj/Fire      0%         2d3       100%        4
 Ozocubu's Refrigeration  Ice            0%         4d5       100%        7
 Summon Hydra             Summ           0%         N/A       100%        7


Dungeon Overview and Level Annotations

Branches:
Dungeon (8/15)             Temple (0/1) D:6            Lair (0/6) D:8

Altars:
Gozag
Hepliaklqana
Okawaru
Qazlal
Sif Muna
Wu Jian
The Shining One

Annotations:
D:3 2 transporters, Konebred's ghost, amateur DgCj


Message History

The yak gores you.
* * * LOW HITPOINT WARNING * * *
A killer bee comes into view.
The basilisk gazes at you. You resist with some effort.
The yak completely misses you.
You turn to flesh and can move again.
Unknown command.
As you read the scroll labelled WACVUM EHOC, it crumbles to dust.
You hear a loud clanging noise!
It was a scroll of noise.
The killer bee buzzes angrily. x2; You hear a shout! x3
You block the scorpion's attack. The centaur misses you.
The centaur barely misses you.
The wyvern bites you but does no damage.
The water moccasin bites you.
* * * LOW HITPOINT WARNING * * *
The yak misses you. The yak gores you but does no damage.
Unknown command.
Unknown command.
Unknown command.
As you read the scroll labelled YZIKUSH NUQODEWU, it crumbles to dust.
It is a scroll of amnesia.
You feel forgetful for a moment.
The centaur hits you but does no damage.
The centaur closely misses you.
The wyvern bites you but does no damage.
The basilisk closely misses you.
The scorpion stings you but does no damage.
You block the yak's attack. The water moccasin barely misses you.
Unknown command.
Unknown command.
Unknown command.
Unknown command.
Okay, then.
As you read the scroll labelled IXKEFAF QUAQI, it crumbles to dust.
Magic quickly surges around you.
It was a scroll of vulnerability.
The centaur closely misses you.
The centaur kicks you but does no damage.
The wyvern bites you!
You die...

.#........#
..........#
.....(....#
.P...P..<.#
..P.PP....#
.PP.♣.....#
P♣........#
..PP...cll#
P.>l..♣s@Y#
.....yyYSY#####
......yyY...<.#
.PPPyy..P.....#
.....P.P......#
......P.......#
..♣..........#
...P.........#
......######


You could see 4 yaks, a basilisk (weak-willed), a water moccasin (weak-willed),
a wyvern (weak-willed), a centaur (weak-willed), a scorpion (weak-willed) and 6
killer bees.

Vanquished Creatures
  Sigmund (D:5)
  A wyvern (D:8)
  2 steam dragons
  Menkaure (D:5)
  Edmund (D:4)
  3 ice beasts
  2 black bears (D:6)
  4 ogres
  3 sky beasts
  A centaur (D:5)
  A wyvern zombie (D:7)
  A gnoll sergeant (D:5)
  A water moccasin zombie (D:5)
  A howler monkey (D:5)
  A bullfrog zombie (D:5)
  A centaur zombie (D:6)
  2 hounds
  4 bullfrog skeletons
  2 jellies
  2 gnoll shamans
  5 iguanas
  Ijyb (D:5)
  Natasha (thrice) (D:3)
  An orc wizard (D:5)
  A killer bee zombie (D:7)
  3 hound skeletons
  10 gnolls
  5 adders
  A howler monkey skeleton (D:6)
  A white imp (D:5)
  2 ufetubi
  2 adder skeletons (D:4)
  3 worms
  6 dart slugs
  2 orcs
  3 bats
  8 endoplasms
  2 giant cockroaches
  10 hobgoblins
  5 jackals
  8 kobolds
  3 quokkas
  5 ball pythons
  A frilled lizard (D:2)
  4 goblins
  9 rats
  A spectral hobgoblin (D:4)
140 creatures vanquished.

Vanquished Creatures (collateral kills)
  A basilisk (D:8)
1 creature vanquished.

Vanquished Creatures (others)
  A scorpion (D:8)
  2 fungi (D:8)
  4 plants (D:8)
7 creatures vanquished.

Grand Total: 148 creatures vanquished

Notes
Turn   | Place    | Note
-------+----------+-------------------------------------------
     0 | D:1      | hikkokomori the Hill Orc Fighter began the quest for the
                  | Orb.
     0 | D:1      | Reached XP level 1. HP: 19/19 MP: 1/1
   141 | D:1      | Reached XP level 2. HP: 27/27 MP: 2/2
   409 | D:1      | Reached XP level 3. HP: 32/33 MP: 3/3
   747 | D:2      | Found a faded altar of an unknown god.
   764 | D:2      | Noticed Natasha
   788 | D:3      | Killed Natasha
   789 | D:3      | Reached XP level 4. HP: 16/41 MP: 4/4
   859 | D:3      | Noticed Konebred's ghost (amateur DgCj)
  1781 | D:3      | Found a glowing golden altar of the Shining One.
  2001 | D:3      | Identified the +1 whip of Eternal Harmony {flame, rElec
                  | Int+2}
  2003 | D:3      | Identified 3 scrolls of acquirement
  2003 | D:3      | Acquired the ring "Tiohah" {rPois rCorr MP-9 EV+4 Slay+2}
  2005 | D:3      | Acquired 873 gold pieces
  2007 | D:3      | Acquired 884 gold pieces
  2126 | D:3      | Noticed Natasha
  2132 | D:3      | Killed Natasha
  2133 | D:3      | Reached XP level 5. HP: 33/47 MP: 0/5
  2165 | D:3      | Noticed Natasha
  2178 | D:3      | Killed Natasha
  2179 | D:3      | Reached skill level 5 in Fighting
  2236 | D:3      | Found a transporter.
  2290 | D:3      | Found a transporter.
  2709 | D:4      | Found a hazy altar of Hepliaklqana.
  2772 | D:4      | Reached skill level 5 in Axes
  2772 | D:4      | Reached XP level 6. HP: 53/56 MP: 0/6
  2800 | D:4      | Reached skill level 5 in Armour
  3291 | D:5      | Entered Level 5 of the Dungeon
  3292 | D:5      | Became a worshipper of Beogh the Brigand
  3297 | D:5      | Noticed Edmund
  3299 | D:5      | Noticed Ijyb
  3333 | D:4      | Killed Edmund
  3334 | D:4      | Reached XP level 7. HP: 10/63 MP: 0/7
  3619 | D:5      | Killed Ijyb
  4050 | D:5      | Found a shimmering blue altar of Sif Muna.
  4143 | D:5      | Reached XP level 8. HP: 62/73 MP: 0/8
  4167 | D:5      | Noticed Sigmund
  4455 | D:5      | Acquired the amulet of Kyelom {rPois Regen+ Dex-3 Slay+2
                  | Stlth+}
  4465 | D:5      | Found a stormy altar of Qazlal.
  4466 | D:5      | Found an opulent altar of Gozag.
  4518 | D:5      | Killed Sigmund
  4952 | D:5      | Found an iron altar of Okawaru.
  4967 | D:5      | Noticed Menkaure
  4971 | D:5      | Killed Menkaure
  5151 | D:6      | Reached XP level 9. HP: 67/82 MP: 0/9
  5192 | D:6      | Reached * piety under Beogh
  5456 | D:6      | Found a staircase to the Ecumenical Temple.
  6334 | D:7      | Reached skill level 10 in Axes
  6803 | D:7      | Found an ornate altar of the Wu Jian Council.
  7027 | D:8      | Found a staircase to the Lair.
  7045 | D:8      | Reached skill level 10 in Fighting
  7051 | D:8      | Reached XP level 10. HP: 29/93 MP: 1/10
  7054 | D:8      | HP: 1/93 [water moccasin (4)]
  7056 | D:8      | Slain by a wyvern

Illustrated notes

Levels and vault maps discovered:
D:1:      wander_arrival_fairy_ring, layout_basic, chequers_serial_rivers_room_a
D:2:      layout_loops_ring, shapermc_ecumenical_altar_venn, uniq_natasha
D:3:      layout_loops_ring, mainiacjoe_overflow_chevrons,
          gammafunk_ghost_arena, hangedman_glass_teeth
D:4:      layout_basic, nicolae_hepliaklqana_monster_ancestors,
          due_unseen_surprise
D:5:      layout_basic, lemuel_doored_altar, overflow_temple_1_default,
          amethyst_overflow_temple_binary, minmay_manual_mess, uniq_ijyb,
          uniq_edmund, uniq_sigmund, uniq_menkaure
D:6:      layout_layer_cave, minmay_temple_entry_hall
D:7:      layout_basic, nicolae_wu_jian_immortal_techniques
D:8:      layout_rooms, lightli_temple_of_fire, minmay_lair_entry_grove,
          serial_shops, shop

Skill      XL: |  1  2  3  4  5  6  7  8  9 |
---------------+----------------------------+-----
Axes           | 3 4 5 6 7 9 10 | 10.7
Fighting       | 4 5 6 7 8 10 | 10.2
Armour         | 4 5 6 7 9 |  9.3
Shields        | |  3.2

Action                   |  1- 3 |  4- 6 |  7- 9 | 10-12 || total
-------------------------+-------+-------+-------+-------++-------
Melee: War axe           |    89 |    57 |   232 |       ||   378
       Whip              |       |   118 |       |       ||   118
Invok: Convert to Beogh  |       |     1 |       |       ||     1
  Use: Potion            |     1 |     1 |     2 |       ||     4
       Scroll            |       |     7 |     8 |     3 ||    18
Armor: Scale mail        |    35 |    42 |       |       ||    77
       Plate armour      |       |    16 |   223 |    22 ||   261
Dodge: Dodged            |    56 |    73 |   137 |     9 ||   275
Block: Buckler           |    14 |    30 |    57 |     2 ||   103
